 Dungeon Crawl Stone Soup version 0.29.1-15-g9cfb28693d (webtiles) character file.

Game seed: 14201693494469162594

606 darkwizardman the Conjurer (level 6, -2/44 (46) HPs)
             Began as a Demigod Conjurer on Apr 2, 2023.
             Slain by a wight
             ... wielding a +5 dire flail
              (11 damage)
             ... on level 5 of the Dungeon.
             The game lasted 00:05:53 (6024 turns).

darkwizardman the Conjurer (Demigod Conjurer)       Turns: 6024, Time: 00:05:54

HP:   -2/44 (46)    AC:  2    Str:  8    XL:     6   Next: 98%
MP:   15/15         EV: 12    Int: 28    God:
Gold: 313           SH:  0    Dex: 12    Spells: 10/13 levels left

rFire   + + .      SeeInvis .   b - +6 mace of Demonic Courage {vorpal, rF++}
rCold   . . .      Faith    .   (no shield)
rNeg    . . .      Spirit   .   a - +0 robe
rPois   .          Reflect  .   (no helmet)
rElec   .          Harm     .   (no cloak)
rCorr   .          Rampage  .   (no gloves)
Will    .....                   (no boots)
Stlth   ++........              l - amulet of magic regeneration
HPRegen 0.14/turn               (no ring)
MPRegen 0.54/turn               (no ring)

@: lightly drained
A: high MP 1, forlorn, divine attributes
a: no special abilities


You were on level 5 of the Dungeon.
You visited 1 branch of the dungeon, and saw 5 of its levels.

You collected 313 gold pieces.

Inventory:

Hand Weapons
 b - the +6 mace of Demonic Courage (weapon) {vorpal, rF++}
   (You found it on level 5 of the Dungeon)

   It inflicts extra damage upon your enemies.
   rF:        It greatly protects you from fire.
Armour
 a - a +0 robe (worn)
Jewellery
 l - an amulet of magic regeneration (around neck)
 m - an amulet of reflection
Scrolls
 c - a scroll of identify
 e - 5 scrolls of blinking
 f - 4 scrolls of immolation
 g - 4 scrolls of teleportation
 i - 4 scrolls of poison
 j - a scroll of enchant weapon {unknown}
 r - 3 scrolls of noise {unknown}
 u - a scroll of silence {unknown}
Potions
 d - a potion of mutation {unknown}
 h - a potion of degeneration {unknown}
 k - a potion of attraction {unknown}
 n - 2 potions of flight {unknown}
 o - 2 potions of curing {unknown}
 p - a potion of might {unknown}
 q - a potion of ambrosia {unknown}
 s - a potion of haste {unknown}
 t - 2 potions of brilliance {unknown}


   Skills:
 + Level 0.3 Fighting
 + Level 2.5 Dodging
 + Level 3.1 Stealth
 + Level 4.1 Spellcasting
 + Level 5.9 Conjurations


You had 10 spell levels left.
You knew the following spells:

 Your Spells              Type           Power      Damage    Failure   Level
a - Magic Dart            Conj           100%       1d8       1%          1
b - Searing Ray           Conj           78%        2d7       1%          2

Your spell library contained the following spells:

 Spells                   Type           Power      Damage    Failure   Level
 Foxfire                  Conj/Fire      88%        2x1d8     2%          1
 Conjure Flame            Conj/Fire      22%        6-21      6%          3
 Dazzling Flash           Conj/Hex       44%        N/A       6%          3
 Apportation              Tloc           10%        N/A       8%          1
 Necrotise                Necr           20%        1d5       8%          1
 Sting                    Tmut/Pois      20%        1d4       8%          1
 Summon Small Mammal      Summ           20%        N/A       8%          1
 Mephitic Cloud           Conj/Pois/Air  16%        N/A       10%         3
 Call Imp                 Summ           5%         N/A       11%         2
 Poisonous Vapours        Pois/Air       10%        N/A       11%         2
 Gell's Gravitas          Tloc           5%         N/A       22%         3
 Inner Flame              Hex/Fire       5%         N/A       22%         3
 Lesser Beckoning         Tloc           5%         N/A       22%         3
 Summon Guardian Golem    Hex/Summ       5%         N/A       22%         3
 Teleport Other           Tloc           5%         N/A       22%         3
 Tukima's Dance           Hex            5%         N/A       22%         3
 Flame Wave               Conj/Fire      22%        2d8       22%         4
 Fulminant Prism          Conj/Hex       11%        3d9       22%         4
 Iskenderun's Mystic Bla  Conj/Tloc      22%        2d6       22%         4
 Olgreb's Toxic Radiance  Pois           5%         N/A       58%         4
 Passage of Golubria      Tloc           5%         N/A       58%         4
 Yara's Violent Unravell  Hex/Tmut       2%         3d3       90%         5
 Orb of Destruction       Conj           19%        9d8       99%         7
 Spellforged Servitor     Conj/Summ      11%        N/A       100%        7


Dungeon Overview and Level Annotations

Branches:
Dungeon (5/15)
 Temple: D:4-7

Shops:
D:2 [   D:5 *

Annotations:
D:4 3 runed translucent doors, Seidenschwarz's ghost, amateur MiFi; Wiggles's ghost, amateur MiBe; undeadgraduate's ghost, novice MiAK


Innate Abilities, Weirdness & Mutations

You have an increased reservoir of magic. (+10% MP)
You shall have no god before yourself.
Your divine heritage dramatically boosts your attributes as you level up.


Message History

The orc shouts!
The magic dart hits the orc.
The orc is severely wounded.
A wight comes into view. It is wielding a +5 dire flail.
The magic dart hits the orc!
You kill the orc!
The magic dart hits the wight but does no damage.
A howler monkey comes into view.
The magic dart hits the wight.
The wight is moderately damaged.
The howler monkey howls!
The magic dart hits the wight.
The wight is severely damaged.
Sorry, you're not good enough to have a special ability.
Casting: Magic Dart (safe; 1% risk of failure)
Confirm with . or Enter, or press ? or * to list all spells.
Aiming: Searing Ray (safe; 1% risk of failure)
Press: ? - help, Shift-Dir - straight line, f/p - wight
Aim: a wight, wielding a +5 dire flail and wearing a +0 robe (severely damaged, 81% to hit)
The searing ray hits the wight but does no damage.
The wight is severely damaged.
The searing ray misses the howler monkey. (Press . to maintain the ray.)
The searing ray hits the wight but does no damage.
The wight is severely damaged.
The searing ray hits the howler monkey!
The howler monkey is heavily wounded.
The wight hits you with a +5 dire flail!
The howler monkey attacks as you move away!
The howler monkey hits you. The howler monkey hits you.
The wight attacks as you move away! The wight barely misses you.
The wight attacks as you move away! The wight closely misses you.
The wight attacks as you move away!
The wight hits you with a +5 dire flail!
You feel drained.
* * * LOW HITPOINT WARNING * * *
The wight attacks as you move away!
The wight hits you with a +5 dire flail!
You die...

#.# #..# ......
#.# #..##.#.#..
#.###..#.......
#.#.........#
#...#.......#
###...#.....#
#.h........#
#.#z......[...
#.#@#####.....
#.#)#### .####
#.#)...# #
#.#.##.#
#.#.##.#
#.#.##.#
#.#)##.#
#...##.# #..
###)##.# #.#


You could see a howler monkey and a wight.

Vanquished Creatures
  An ice beast (D:4)
  A bullfrog (D:5)
  2 wights (D:5)
  2 orc priests
  A hound (D:5)
  A jelly (D:5)
  An iguana (D:4)
  2 orc wizards
  6 adders
  2 worms (D:3)
  3 dart slugs
  7 orcs
  5 ball pythons
  4 bats
  An endoplasm (D:4)
  5 giant cockroaches
  7 goblins
  7 hobgoblins
  10 jackals
  3 quokkas
  A frilled lizard (D:3)
  3 kobolds
  5 rats
80 creatures vanquished.

Vanquished Creatures (others)
  5 toadstools (D:1)
5 creatures vanquished.

Grand Total: 85 creatures vanquished

Notes
Turn   | Place    | Note
-------+----------+-------------------------------------------
     0 | D:1      | darkwizardman the Demigod Conjurer began the quest for the
                  | Orb.
     0 | D:1      | Reached XP level 1. HP: 14/14 MP: 5/5
   644 | D:1      | Reached skill level 4 in Conjurations
   878 | D:2      | Found Fikiyts's Armour Shop.
   887 | D:2      | Reached XP level 2. HP: 20/20 MP: 5/7
  1039 | D:2      | Learned a level 2 spell: Searing Ray
  1507 | D:2      | Reached XP level 3. HP: 26/26 MP: 3/8
  1827 | D:2      | You fall into a shaft and drop 2 floors!
  2398 | D:4      | Reached XP level 4. HP: 33/33 MP: 5/10
  2777 | D:4      | Noticed an ice beast
  2791 | D:4      | Killed an ice beast
  2792 | D:4      | Reached skill level 5 in Conjurations
  2792 | D:4      | Reached XP level 5. HP: 30/38 MP: 4/12
  3298 | D:4      | Found a runed translucent gate.
  3298 | D:4      | Found a runed translucent gate.
  3298 | D:4      | Found a runed translucent gate.
  3298 | D:4      | Noticed Wiggles's ghost (amateur MiBe)
  3298 | D:4      | Noticed Seidenschwarz's ghost (amateur MiFi)
  3299 | D:4      | Noticed undeadgraduate's ghost (novice MiAK)
  3299 | D:4      | Noticed Wiggles's ghost (amateur MiBe)
  4866 | D:5      | Entered Level 5 of the Dungeon
  4897 | D:5      | Reached XP level 6. HP: 27/45 MP: 10/14
  5113 | D:5      | Identified a scroll of acquirement
  5113 | D:5      | Acquired the +0 buckler of Agnosticism {+Blink rCorr Str-4
                  | Int+4}
  5201 | D:5      | Identified the +6 mace of Demonic Courage {vorpal, rF++}
  5283 | D:5      | Found Estemica's Elemental Accessories.
  6024 | D:5      | Slain by a wight

Illustrated notes

Levels and vault maps discovered:
D:1:      onia_arrival_mini_maze_b, layout_rooms,
          shapermc_ecumenical_altar_totnotflames, minmay_gold_behind_fungi
D:2:      layout_rooms, serial_shops, shop_statue, kennysheep_another_room
D:3:      layout_basic
D:4:      layout_basic, chequers_temple_overflow_statue_of_worship,
          grunt_qazlal_sundering, gammafunk_ghost_cemetery,
          minmay_misc_feat_hallway, kennysheep_generic_room_11
D:5:      layout_loops_ring, nicolae_elemental_shop, uniq_prince_ribbit1

Skill      XL: |  1  2  3  4  5  6 |
---------------+-------------------+-----
Conjurations   | 4 5 |  5.9
Spellcasting   | 2 3 4 |  4.1
Stealth        | 2 3 |  3.1
Dodging        | 2 |  2.5
Fighting       | |  0.3

Action                   |  1- 3 |  4- 6 || total
-------------------------+-------+-------++-------
 Cast: Magic Dart        |    75 |   110 ||   185
       Searing Ray       |     4 |    10 ||    14
  Use: Scroll            |     8 |     1 ||     9
       Potion            |     1 |       ||     1
Armor: Robe              |    10 |     4 ||    14
Dodge: Dodged            |    10 |    11 ||    21
Block: Other             |     1 |       ||     1
